 Dungeon Crawl Stone Soup version 0.26-a0-672-g1df16c3386 (webtiles) character file.

Game seed: 13289478472889736150

1010 lunkers the Insei (level 8, -4/58 (59) HPs)
             Began as a Green Draconian Transmuter on Oct 19, 2020.
             Slain by an orc warrior
             ... wielding a +0 flail
              (16 damage)
             ... on level 5 of the Dungeon.
             The game lasted 00:11:19 (5061 turns).

lunkers the Insei (Green Draconian Transmuter)      Turns: 5061, Time: 00:11:20

HP:   -4/58 (59)    AC:  2    Str: 19    XL:     8   Next: 1%
MP:   0/11          EV: 19    Int: 13    God:
Gold: 300           SH:  0    Dex: 19    Spells: 7/11 levels left

rFire    . . .     SeeInvis .     - Unarmed
rCold    . . .     Faith    .   (shield currently unavailable)
rNeg     . . .     Spirit   +   (armour unavailable)
rPois    x         Reflect  .   (helmet currently unavailable)
rElec    .         Harm     .   (cloak currently unavailable)
rCorr    .         Rampage  .   (gloves currently unavailable)
MR       .....                  (boots currently unavailable)
Stlth    ++........             a - amulet of guardian spirit
HPRegen  0.19/turn              (no ring)
MPRegen  0.12/turn              v - +6 ring of strength

@: spider-form (expiring)
A: tiny, (breathe noxious fumes), unfitting armour, AC +6
a: End Transformation


You were on level 5 of the Dungeon.
You were a venomous arachnid creature.
You visited 1 branch of the dungeon, and saw 6 of its levels.

You collected 300 gold pieces.

Inventory:

Armour
 s - a +0 pair of boots (melded)
 A - a +0 cloak (melded)
Jewellery
 a - an amulet of guardian spirit (around neck)
 l - an uncursed ring of fire
 v - a +6 ring of strength (right front leg)
Wands
 u - a wand of paralysis (8)
Scrolls
 d - 2 scrolls of remove curse
 e - a scroll of amnesia {unknown}
 f - a scroll of blinking {unknown}
 g - 2 scrolls of fear {unknown}
 h - 2 scrolls of magic mapping {unknown}
 i - a scroll of identify
 j - a scroll of noise {unknown}
 n - 2 scrolls of fog {unknown}
 y - a scroll of immolation {unknown}
Potions
 b - 2 potions of might
 c - 2 potions of brilliance {unknown}
 m - a potion of stabbing {unknown}
 q - a potion of resistance {unknown}
 r - a potion of lignification {unknown}
 t - 3 potions of haste
 w - 2 potions of curing {unknown}
 x - 2 potions of heal wounds {unknown}
 z - a potion of ambrosia {unknown}


   Skills:
 - Level 1.1 Fighting
 - Level 1.7 Dodging
 + Level 7.2 Unarmed Combat
 - Level 2.0 Spellcasting
 + Level 6.8 Transmutations


You had 7 spell levels left.
You knew the following spells:

 Your Spells              Type           Power        Failure   Level
c - Spider Form           Tmut/Pois      ##........   38%         3
p - Beastly Appendage     Tmut           ###...       7%          1

Your spell library contained the following spells:

 Spells                   Type           Power        Failure   Level
 Wereblood                Tmut           ###.....     9%          2
 Animate Skeleton         Necr           #.....       47%         1
 Apportation              Tloc           #.....       47%         1
 Corona                   Hex            #......      47%         1
 Summon Small Mammal      Summ           #...         47%         1
 Blade Hands              Tmut           ###.......   61%         5
 Ice Form                 Ice/Tmut       ##......     73%         4


Dungeon Overview and Level Annotations

Branches:
Dungeon (6/15)
 Temple: D:4-7

Altars:
Ashenzari
Dithmenos

Annotations:
D:5 2 transporters, Thatotherguy's ghost, novice FoFi


Innate Abilities, Weirdness & Mutations

((You can breathe blasts of noxious fumes.))
((Your lurid green scales are hard. (AC +6)))
You cannot fit into any form of body armour.
((Your system is resistant to poisons. (rPois)))
((You are cold-blooded and may be slowed by cold attacks.))


Message History

The orc warrior looks as sick as possible!
The orc warrior is heavily wounded.
The orc warrior hits you with a +0 flail!!
* * * LOW MAGIC WARNING * * *
* * * LOW HITPOINT WARNING * * *
The orc completely misses you. The orc wizard closely misses you.
Unknown command.
You hit the orc warrior.
The orc warrior looks as sick as possible!
The orc warrior is heavily wounded.
The orc warrior hits you with a +0 flail.
* * * LOW HITPOINT WARNING * * *
The orc misses you. The orc wizard barely misses you.
Unknown command.
Your transformation is almost over.
The orc warrior barely misses you.
The orc throws a curare-tipped dart.
The curare-tipped dart barely misses you.
The orc warrior hits you with a +0 flail!!
* * * LOW MAGIC WARNING * * *
You die...

##.#####.....#.
###.†.......##... .#
####....#....#......
...###.....###...........
#.......####..#######...
###....####..## ##..
###....(..# #..
##.>(.(.## #.. ##s.....#
#.. #.o....# #..
##o....##### ##.o)......
#......... #..........
#.......... ...........
#...........


You could see an orc warrior (berserk, extremely poisoned), an orc wizard and an
orc.

Vanquished Creatures
  A yak (D:6)
  A necrophage (D:6)
  2 centaurs
  3 scorpions
  2 howler monkeys
  A bullfrog zombie (D:6)
  A jelly (D:5)
  A bullfrog skeleton (D:5)
  Terence (D:2)
  3 orc wizards
  2 worker ants
  A hound skeleton (D:4)
  A worker ant zombie (D:4)
  An adder (D:2)
  A white imp (D:6)
  An ooze (D:3)
  5 worms
  A dart slug (D:2)
  4 leopard geckos
  12 orcs
  3 giant cockroaches
  11 goblins
  8 hobgoblins
  4 jackals (D:3)
  4 quokkas
  A ball python (D:5)
  5 bats
  3 frilled lizards
  6 kobolds
  A quokka skeleton (D:6)
  11 rats
102 creatures vanquished.

Notes
Turn   | Place    | Note
-------+----------+-------------------------------------------
     0 | D:1      | lunkers the Draconian Transmuter began the quest for the
                  | Orb.
     0 | D:1      | Reached XP level 1. HP: 16/16 MP: 3/3
   179 | D:1      | Reached XP level 2. HP: 21/23 MP: 3/5
  1031 | D:2      | Reached XP level 3. HP: 28/28 MP: 4/6
  1088 | D:2      | Noticed Terence
  1117 | D:1      | Learned a level 3 spell: Spider Form
  1498 | D:2      | Reached skill level 4 in Unarmed Combat
  1662 | D:2      | Found a shadowy altar of Dithmenos.
  1745 | D:2      | Reached XP level 4. HP: 35/35 MP: 3/7
  1901 | D:2      | Killed Terence
  2241 | D:3      | Found a faded altar of an unknown god.
  2648 | D:3      | Reached XP level 5. HP: 20/40 MP: 1/8
  3234 | D:4      | Reached skill level 5 in Unarmed Combat
  3399 | D:4      | You fall into a shaft and drop 2 floors!
  3405 | D:6      | Reached XP level 6. HP: 47/47 MP: 5/9
  3483 | D:6      | Reached skill level 5 in Transmutations
  3729 | D:6      | Noticed a yak
  3744 | D:6      | Noticed a yak
  3764 | D:6      | Killed a yak
  3764 | D:6      | Reached skill level 6 in Unarmed Combat
  3792 | D:6      | Your scales start taking on a lurid green colour.
  3792 | D:6      | Reached XP level 7. HP: 44/51 MP: 4/10
  3792 | D:6      | Gained mutation: Your system is resistant to poisons.
                  | (rPois) [Green Draconian growth]
  4037 | D:6      | Found a broken altar of Ashenzari.
  4280 | D:5      | Entered Level 5 of the Dungeon
  4858 | D:5      | Found a transporter.
  4867 | D:5      | Noticed Thatotherguy's ghost (novice FoFi)
  4904 | D:5      | Found a transporter.
  4930 | D:5      | Reached skill level 7 in Unarmed Combat
  5056 | D:5      | Reached XP level 8. HP: 38/58 MP: 5/11
  5061 | D:5      | Slain by an orc warrior

Illustrated notes

Levels and vault maps discovered:
D:1:      minmay_arrival_four_houses, layout_basic
D:2:      layout_basic, grunt_dithmenos_smoke_and_mirrors, uniq_terence
D:3:      layout_basic, chequers_ecumenical_altar_island, corner_web_ring,
          chequers_serial_rivers_small_b
D:4:      layout_rooms, minmay_box_of_dots
D:5:      minmay_opposing_rooms, layout_layer_cave, gammafunk_ghost_arena
D:6:      layout_basic, kennysheep_mini, ashenzari_altar_1

Skill      XL: |  1  2  3  4  5  6  7 |
---------------+----------------------+-----
Transmutations | 3 4 5 6 |  6.8
Unarmed Combat | 4 5 6 7 |  7.2
Fighting       | |  1.1
Dodging        | |  1.7
Spellcasting   | |  2.0

Action                   |  1- 3 |  4- 6 |  7- 9 || total
-------------------------+-------+-------+-------++-------
Melee: Unarmed           |   143 |   132 |    76 ||   351
       Kick              |    14 |     1 |     1 ||    16
       Tailslap          |     5 |     6 |       ||    11
       Headbutt          |     3 |       |       ||     3
       Punch             |     2 |     1 |       ||     3
 Cast: Beastly Appendage |    21 |     1 |     1 ||    23
       Spider Form       |     6 |    17 |    11 ||    34
  Use: Scroll            |       |     4 |       ||     4
 Stab: Sleeping          |     1 |     1 |       ||     2
       Distracted        |       |       |     1 ||     1
Armor: Skin              |    37 |    15 |     5 ||    57
Dodge: Dodged            |    92 |    76 |    61 ||   229

Table legend: (Time is in decaauts)
 A = Elapsed time spent in this place.
 B = Non-inter-level travel time spent in this place.
 C = Inter-level travel time spent in this place.
 D = Time resting spent in this place.
 E = Time spent auto-exploring this place.
 F = Levels seen in this place.
 G = Mean time per level.
                   A        B        C        D        E       F      G
               +--------+--------+--------+--------+--------+-----+--------+
         Total |   5033 |   4951 |     82 |     32 |   3995 |   6 |  838.8 |
       Dungeon |   5033 |   4951 |     82 |     32 |   3995 |   6 |  838.8 |
               +--------+--------+--------+--------+--------+-----+--------+

Top non-repeatable levels by time:
     D:2: 1009 daAuts
     D:1: 1004 daAuts
     D:3: 903 daAuts
     D:6: 874 daAuts
     D:4: 794 daAuts
     D:5: 447 daAuts
